Map: Orbital Shipyard

Players

PtitDrogo - Winner!

  • Race: Protoss Protoss
  • League: Master

Basior

  • Race: Terran Terran
  • League: Master

Event: DreamHack ZOWIE Open Leipzig

VOD

Have the link to the VOD?

Description

Time

  • Played on: Jan. 22, 2016, 11:32 a.m.
  • Length: 21:11

All games in this series

Show
View Real Time Build Order
Export as new Build Order

PtitDrogo Protoss - Winner!

Build Orders: 1 Gate Expand, Oracle Opening 

Get SALT Encoding   

  12  0:01  Probe (Chrono Boost)  
  13  0:11  Probe (Chrono Boost)  
  14  0:17  Pylon  
  14  0:22  Probe (Chrono Boost)  
  16  0:35  Probe (Chrono Boost)  
  16  0:36  Gateway  
  16  0:41  Assimilator  
  16  0:46  Probe (Chrono Boost)  
  17  0:57  Probe (Chrono Boost)  
  18  1:07  Probe (Chrono Boost)  
  19  1:18  Nexus  
  19  1:23  Probe (Chrono Boost)  
  20  1:34  Probe (Chrono Boost)  
  21  1:44  Probe (Chrono Boost)  
  22  1:57  Probe (Chrono Boost)  
  23  2:04  Cybernetics Core  
  23  2:10  Pylon  
  23  2:12  Assimilator  
  23  2:29  Probe (Chrono Boost)  
  24  2:32  Probe (Chrono Boost)  
  25  2:37  Nexus  
  25  2:39  Probe (Chrono Boost)  
  25  2:41  Probe (Chrono Boost), Adept (Chrono Boost)  
  29  2:47  Stargate  
  29  2:51  Probe (Chrono Boost)  
  30  2:52  Probe (Chrono Boost)  
  31  3:00  Warp Gate (Chrono Boost)  
  31  3:02  Probe (Chrono Boost)  
  31  3:04  Probe (Chrono Boost)  
  33  3:13  Mothership Core (Chrono Boost)  
  33  3:14  Probe (Chrono Boost), Pylon  
  36  3:23  Adept  
  36  3:24  Probe (Chrono Boost)  
  39  3:31  Probe (Chrono Boost)  
  39  3:33  Probe  
  41  3:41  Oracle (Chrono Boost)  
  41  3:43  Probe  
  41  3:44  Probe  
  46  3:48  Gateway  
  46  3:49  Gateway, Probe  
  46  3:55  Probe x2  
  47  4:00  Probe  
  50  4:05  Probe  
  50  4:08  Probe  
  52  4:10  Probe, Assimilator  
  52  4:12  Phoenix (Chrono Boost), Assimilator  
  52  4:16  Probe  
  55  4:20  Probe  
  55  4:21  Probe  
  58  4:26  Probe  
  59  4:31  Twilight Council, Probe  
  59  4:32  Probe  
  59  4:37  Probe, Phoenix (Chrono Boost)  
  63  4:45  Probe  
  65  4:48  Probe  
  65  4:49  Probe  
  67  4:58  Phoenix (Chrono Boost)  
  69  5:01  Resonating Glaives (Chrono Boost)  
  69  5:08  Pylon x2  
  69  5:24  Probe x2  
  69  5:26  Probe, Phoenix (Chrono Boost)  
  69  5:28  Robotics Facility  
  74  5:30  Pylon  
  74  5:33  Gateway  
  74  5:34  Gateway  
  74  5:35  Probe x2  
  74  5:36  Gateway  
  74  5:37  Forge  
  74  5:38  Probe, Forge  
  77  5:45  Probe  
  77  5:48  Probe, Assimilator  
  81  5:50  Probe, Phoenix (Chrono Boost)  
  81  5:52  Assimilator  
  81  5:53  Pylon  
  81  5:54  Sentry  
  81  5:55  Adept x2  
  81  5:56  Probe  
  88  6:03  Probe  
  90  6:11  Phoenix (Chrono Boost)  
  92  6:21  Robotics Facility  
  92  6:26  Pylon  
  92  6:27  Pylon, Robotics Bay  
  92  6:28  Pylon  
  92  6:31  Pylon  
  92  6:36  Observer (Chrono Boost)  
  93  6:41  Protoss Ground Weapons Level 1 (Chrono Boost), Protoss Ground Armor Level 1 (Chrono Boost)  
  93  6:44  Pylon x2  
  93  6:46  Pylon  
  93  6:49  Pylon  
  93  6:51  Photon Cannon  
  93  6:53  Pylon  
  93  6:54  Zealot x2  
  93  6:55  Adept x3  
  93  6:57  Pylon  
  103  7:13  Probe  
  103  7:14  Probe, Colossus (Chrono Boost)  
  115  7:18  Colossus (Chrono Boost)  
  117  7:32  Adept x3  
  117  7:33  Gateway x2  
  117  7:34  Nexus  
  117  7:36  Pylon  
  123  7:37  Pylon  
  123  7:38  Stalker x3  
  129  7:56  Colossus (Chrono Boost)  
  129  8:04  Colossus (Chrono Boost)  
  141  8:06  Void Ray (Chrono Boost)  
  145  8:20  Stargate  
  145  8:26  Adept x3  
  145  8:27  Adept x3  
  157  8:39  Stalker x2  
  161  8:44  Void Ray (Chrono Boost)  
  161  8:47  Colossus (Chrono Boost)  
  165  8:54  Stalker x3, Assimilator  
  177  8:56  Assimilator  
  177  9:12  Protoss Ground Armor Level 2, Protoss Ground Weapons Level 2  
  177  9:14  Warp Prism (Chrono Boost)  
  179  9:27  Void Ray (Chrono Boost)  
  179  9:28  Photon Cannon  
  187  9:31  Pylon x2  
  187  9:33  Void Ray (Chrono Boost)  
  187  9:36  Blink  
  187  9:44  Stalker x3  
  187  9:45  Stalker  
  195  9:46  Zealot x2  
  195  9:50  Gateway  
  199  9:53  Gateway  
  199  9:55  Pylon  
  199  9:56  Pylon  
  193  10:09  Zealot x3  
  195  10:18  Adept x2  
  195  10:26  Adept x3  
  181  10:37  Adept, Void Ray (Chrono Boost)  
  181  10:40  Probe x2  
  181  10:41  Probe x2  
  193  10:43  Void Ray (Chrono Boost)  
  193  11:00  Mothership Core  
  193  11:01  Fleet Beacon  
  193  11:02  Pylon  
  195  11:13  Templar Archives  
  195  11:25  Adept x2  
  197  11:51  Tempest (Chrono Boost)  
  189  12:09  Stalker  
  189  12:10  Stalker x2  
  191  12:25  Zealot x3  
  191  12:26  Zealot x2  
  191  12:28  Zealot x2  
  195  12:32  Probe  
  195  12:35  Zealot x3  
  170  13:04  Zealot x2  
  172  13:06  Stalker x2  
  172  13:07  Stalker x6  
  180  13:36  Stalker  
  180  13:37  Stalker x3  
  180  13:40  Zealot x4  
  111  13:57  Colossus (Chrono Boost)  
  111  14:02  Probe x2  
  125  14:04  Tempest (Chrono Boost)  
  125  14:08  Nexus, Observer  
  127  14:15  Forge  
  116  14:20  Templar Archives  
  116  14:23  Pylon  
  112  14:29  Stalker x4  
  112  14:30  Stalker x3  
  126  14:33  Stalker  
  126  14:34  Protoss Ground Weapons Level 3 (Chrono Boost)  
  126  14:37  Probe  
  126  14:38  Probe, Observer  
  128  14:45  Probe  
  127  14:49  Probe  
  127  14:50  Probe  
  130  14:58  Zealot  
  128  15:03  Zealot  
  128  15:06  Probe  
  125  15:17  Probe  
  126  15:27  High Templar x3  
  126  15:28  High Templar  
  134  15:32  Mothership Core  
  134  15:40  Observer (Chrono Boost)  
  134  15:41  Stalker  
  136  15:43  High Templar  
  136  15:45  Probe  
  139  15:50  Probe  
  139  15:52  Probe  
  139  15:54  Probe  
  130  16:20  Adept x5  
  130  16:21  Adept x2  
  140  16:30  Probe  
  140  16:32  Probe  
  141  16:35  High Templar  
  139  16:44  Stalker x3  
  137  17:01  High Templar x3  
  137  17:02  High Templar  
  137  17:04  Psionic Storm  
  119  17:20  Stalker x3  
  125  17:27  Probe  
  126  17:31  Tempest (Chrono Boost)  
  128  17:42  Adept x3  
  128  17:44  Archon x2  
  116  17:46  Zealot  
  116  17:47  Zealot x2  
  116  17:48  Probe  
  116  17:49  Probe  
  122  17:54  Stalker  
  122  17:56  High Templar  
  122  17:57  Probe  
  122  17:58  Probe  
  128  18:02  Mothership Core  
  130  18:07  Pylon  
  130  18:11  High Templar x4  
  138  18:30  Probe  
  138  18:32  Probe x2  
  141  18:39  Oracle (Chrono Boost)  
  144  18:43  Nexus  
  144  18:45  Pylon  
  142  18:55  Dark Shrine  
  142  18:57  Photon Cannon  
  142  19:06  Colossus (Chrono Boost)  
  148  19:10  Probe  
  148  19:12  Probe  
  148  19:32  Zealot  
  148  19:36  Sentry  
  148  19:38  High Templar  
  154  19:39  High Templar  
  154  19:40  Photon Cannon  
  154  19:42  Archon  
  156  19:47  Probe  
  156  19:48  Probe  
  156  19:51  High Templar  
  144  20:39  Stalker x4  
  144  20:40  Stalker x2  
  155  21:02  Archon x2  
  155  21:09  Stalker x6  
Show
View Real Time Build Order
Export as new Build Order

Basior Terran 

Build Orders: Command Center First (CC), MMM Bio 

Get SALT Encoding   

  12  0:00  SCV  
  13  0:12  SCV  
  14  0:17  Supply Depot  
  14  0:25  SCV  
  15  0:39  SCV  
  16  0:51  SCV  
  17  1:00  Command Center  
  17  1:04  SCV  
  18  1:17  SCV  
  19  1:18  Barracks  
  19  1:29  SCV  
  20  1:33  Barracks  
  20  1:45  Barracks  
  20  1:49  SCV  
  21  1:57  Engineering Bay  
  20  2:07  Orbital Command  
  19  2:16  Orbital Command  
  19  2:20  Marine  
  20  2:23  Marine  
  20  2:29  Refinery  
  21  2:33  Marine  
  21  2:36  SCV  
  23  2:37  Bunker  
  23  2:39  Marine  
  23  2:41  Marine  
  23  2:43  SCV  
  26  2:47  Refinery  
  26  2:50  SCV  
  27  2:55  Marine  
  27  2:57  Marine  
  29  2:59  Supply Depot, SCV  
  29  3:02  SCV, Marine  
  32  3:11  SCV  
  33  3:13  Engineering Bay  
  33  3:14  SCV  
  33  3:15  Barracks Reactor  
  35  3:20  Barracks Tech Lab  
  35  3:23  SCV  
  36  3:28  SCV  
  37  3:35  SCV  
  37  3:40  SCV  
  38  3:44  Command Center  
  38  3:47  SCV  
  39  3:52  SCV  
  39  3:54  Engineering Bay  
  40  4:00  SCV, Barracks Tech Lab  
  41  4:04  SCV  
  41  4:05  Supply Depot  
  41  4:08  Supply Depot  
  42  4:12  SCV  
  42  4:16  SCV, Factory  
  44  4:17  Stimpack  
  44  4:24  SCV, Refinery, Marine  
  45  4:27  Marine x2  
  45  4:29  Marine  
  45  4:30  SCV  
  50  4:36  SCV, Refinery  
  50  4:38  Terran Infantry Weapons Level 1  
  51  4:42  SCV  
  51  4:43  Missile Turret  
  51  4:49  SCV  
  49  4:54  SCV  
  49  5:00  Missile Turret, Marine x4  
  49  5:01  SCV  
  49  5:06  SCV  
  55  5:08  Factory Reactor  
  55  5:12  Starport  
  55  5:13  SCV  
  56  5:15  Orbital Command  
  56  5:18  SCV  
  57  5:21  Marine  
  57  5:22  Marine x3  
  57  5:25  SCV  
  62  5:28  Terran Infantry Armor Level 1  
  62  5:31  SCV  
  63  5:36  Liberator  
  63  5:38  SCV  
  63  5:40  Liberator  
  63  5:42  SCV  
  65  5:43  Marauder, Marine x2  
  65  5:44  Marauder  
  65  5:49  Orbital Command  
  71  5:52  SCV  
  71  5:53  Starport  
  71  5:54  Factory Reactor  
  75  5:58  Supply Depot  
  75  6:03  Marine  
  75  6:04  Marine  
  80  6:05  Combat Shields, Marine  
  80  6:06  Marine  
  80  6:10  SCV  
  81  6:13  SCV  
  81  6:17  Liberator  
  81  6:18  SCV  
  83  6:22  Marine x2  
  85  6:27  SCV  
  86  6:35  Liberator  
  86  6:36  Missile Turret  
  86  6:39  Missile Turret, Widow Mine x2  
  93  6:40  Supply Depot x2  
  93  6:44  Liberator  
  93  6:52  Supply Depot x2  
  93  6:53  SCV x2  
  93  6:54  Marine, Marauder  
  100  7:01  Marauder  
  101  7:03  SCV  
  101  7:07  Widow Mine x2  
  109  7:09  SCV x2  
  109  7:14  Barracks  
  111  7:18  Barracks  
  111  7:19  SCV  
  112  7:26  SCV  
  112  7:28  SCV  
  117  7:30  Refinery  
  117  7:31  SCV  
  117  7:33  Starport Tech Lab  
  117  7:35  Fusion Core  
  115  7:38  SCV, Marauder, Marine  
  115  7:40  SCV  
  120  7:45  Marine x2  
  120  7:49  Medivac x2  
  125  7:55  SCV x3  
  127  7:59  Refinery  
  127  8:04  Supply Depot  
  127  8:05  Liberator  
  127  8:06  Supply Depot x2  
  127  8:07  SCV x2  
  127  8:18  SCV  
  127  8:19  SCV  
  128  8:20  Liberator  
  128  8:21  SCV  
  128  8:26  Ghost Academy  
  132  8:27  Advanced Ballistics  
  132  8:31  Barracks Reactor, Barracks Tech Lab  
  132  8:33  Supply Depot  
  132  8:37  Supply Depot  
  132  8:38  SCV x3, Liberator  
  132  8:39  Armory  
  138  8:44  Marauder  
  138  8:45  Factory Reactor  
  140  8:50  SCV  
  143  8:55  Marauder  
  143  8:58  Marine  
  143  8:59  Marine  
  150  9:05  Marauder  
  150  9:08  Ghost  
  150  9:09  Marine x2  
  150  9:16  Ghost, Marine x2  
  154  9:24  Supply Depot x2  
  154  9:25  Terran Infantry Armor Level 2  
  154  9:26  Marine  
  154  9:27  Terran Infantry Weapons Level 2, Marauder  
  157  9:32  Marine  
  157  9:34  Marine x2  
  157  9:37  Medivac, Marine  
  163  9:44  SCV, Marine  
  165  9:45  Marine  
  165  9:46  Supply Depot  
  165  9:47  Marine  
  165  9:48  Medivac  
  165  9:50  Marine  
  165  9:52  Marine x2  
  171  9:55  Marauder  
  171  10:04  Marine, Marauder  
  171  10:06  Marauder  
  173  10:07  Marine  
  173  10:10  Marine x2  
  171  10:16  Marauder  
  171  10:20  Liberator  
  169  10:23  Medivac x2  
  170  10:30  Marine  
  170  10:31  Marauder  
  170  10:34  Marauder, Marine  
  171  10:36  Marine  
  171  10:38  Marine, Marauder  
  171  10:41  Command Center  
  174  10:43  Widow Mine x2  
  174  10:44  Supply Depot  
  174  10:48  Marine  
  179  10:51  Marine  
  179  10:53  Viking x2  
  184  10:58  Marauder, Marine  
  187  11:04  Liberator  
  187  11:06  Liberator  
  187  11:09  SCV x2  
  188  11:22  Marine  
  188  11:23  Marauder x3, Marine x2  
  200  11:26  Marine  
  189  11:39  SCV  
  176  11:40  Marine  
  176  11:41  Marine x2  
  176  11:44  Marauder, Marine x2  
  176  11:45  Marauder  
  176  11:58  Marine x2  
  176  11:59  Marine  
  175  12:02  Marine  
  175  12:03  Marauder  
  175  12:05  Marine x2  
  179  12:16  Marine x2  
  179  12:17  Marine  
  179  12:19  Marine  
  183  12:23  Marine x2  
  183  12:24  Marauder  
  187  12:34  Marine x2  
  187  12:35  Marine  
  188  12:37  Marine  
  188  12:41  Marine x2  
  188  12:42  Planetary Fortress  
  188  12:43  SCV x3  
  186  12:44  Marine  
  182  12:52  Marine x3  
  182  12:55  Marine  
  185  12:59  Marine  
  185  13:00  Marauder  
  185  13:02  Marine  
  186  13:09  Marine  
  186  13:10  Marine x2  
  189  13:13  Marine, Widow Mine  
  189  13:17  Marine  
  193  13:20  Marine  
  193  13:22  Marauder  
  176  13:27  Marine x2  
  173  13:40  Marine  
  173  13:41  Marauder  
  117  13:53  Marine x2, Liberator  
  117  13:54  Marauder x2  
  83  13:57  Marine  
  83  13:58  Marine  
  83  14:02  Marine  
  71  14:06  Liberator  
  71  14:11  Marine  
  71  14:15  Medivac  
  76  14:38  Marine x2  
  78  14:41  Marine x2  
  78  14:42  Marine  
  78  14:44  Marauder, Marine  
  84  14:55  Marine, Liberator  
  84  14:56  Marine  
  84  15:01  Marauder  
  84  15:04  Liberator  
  84  15:05  Liberator  
  85  15:07  Marine x2  
  85  15:08  Marauder, Marine  
  85  15:13  Marine x2  
  91  15:18  SCV x2  
  91  15:19  SCV  
  94  15:23  Marine  
  100  15:37  Marine, Liberator  
  100  15:42  Widow Mine  
  104  15:43  Ghost  
  104  15:47  Liberator x2  
  105  15:52  Ghost  
  105  15:56  Marine x2  
  110  16:04  Marine  
  110  16:05  Marine  
  106  16:20  Liberator  
  105  16:28  SCV x2  
  99  16:40  Ghost  
  99  16:51  Marine x2  
  99  16:52  Marine  
  98  16:55  Marine  
  98  16:57  Marine  
  98  16:59  Liberator  
  98  17:00  SCV  
  99  17:06  Marine  
  88  17:17  Marine  
  92  17:25  Marine x2  
  92  17:28  Liberator  
  77  17:50  SCV x2  
  76  17:53  Medivac  
  78  18:02  SCV x2  
  80  18:12  Marine  
  80  18:13  Marine x4  
  80  18:14  SCV x2  
  80  18:19  Marine x2  
  88  18:24  Widow Mine  
  88  18:26  SCV x2  
  93  18:30  Marine  
  93  18:38  Marine x2  
  93  18:39  Marauder  
  97  18:45  Marauder  
  97  18:46  Marine  
  99  18:50  SCV  
  99  18:51  SCV  
  101  19:03  SCV x2  
  101  19:08  Orbital Command  
  101  19:09  Ghost  
  105  19:15  SCV  
  106  19:32  Medivac  
  106  19:33  Ghost, Marine x2  
  106  19:34  Marine  
  106  19:37  SCV  
  113  19:40  SCV  
  114  19:47  Marine x3  
  114  19:51  Marine, Medivac  
  120  19:54  Refinery  
  120  19:55  SCV, Refinery  
  120  20:01  SCV x2  
  119  20:12  Ghost  
  86  20:16  Marauder, Marine  
  86  20:17  Marine x2  
  85  20:25  Marauder, Marine  
  85  20:27  SCV x2  
  78  20:33  Marine  
  78  20:35  Marine x2  
  80  20:37  Marine  
  80  20:41  Marine  
  79  20:43  Marine  
  79  20:46  Marine  
  78  20:51  Marine  
  78  20:52  Marine  
  78  20:53  Marine  

Tags
 
Add a new tag
Caveats
  • Supply blocks, unpowered buildings, or Contaminate may cause inaccurate times.
  • Supply counts are checked every 10 seconds.